 Dungeon Crawl Stone Soup version 0.24.0-1-gfbc8707 (webtiles) character file.

Game seed: 8498022060938682246, levelgen mode: deterministic

2 Meow the Stinger (level 1, 15/15 HPs)
             Began as a Naga Venom Mage on Nov 5, 2019.
             Quit the game on level 1 of the Dungeon.
             The game lasted 00:00:34 (110 turns).

Meow the Stinger (Naga Venom Mage)                   Turns: 110, Time: 00:00:34

Health: 15/15      AC:  1    Str: 10    XL:     1   Next: 30%
Magic:  3/3        EV: 10    Int: 15    God:
Gold:   15         SH:  0    Dex: 11    Spells: 3/4 levels left

rFire    . . .     SeeInvis +   (no weapon)
rCold    . . .     Gourm    .   (no shield)
rNeg     . . .     Faith    .   a - +0 robe
rPois    +         Spirit   .   (no helmet)
rElec    .         Reflect  .   (no cloak)
rCorr    .         Harm     .   (no gloves)
MR       .....                  (no barding)
Stlth    ++........             (no amulet)
HPRegen  0.05/turn              (no ring)
MPRegen  0.08/turn              (no ring)

@: very slow
A: large, see invisible, deformed body, poison resistance, slowness 2, slow
metabolism 1, spit poison 1, AC +0
a: Spit Poison


You were on level 1 of the Dungeon.
You were not hungry.

You visited 1 branch of the dungeon, and saw 1 of its levels.

You collected 15 gold pieces.

Inventory:

Hand Weapons
 d - a cursed +0 mace
Armour
 a - a +0 robe (worn)
Scrolls
 f - a scroll of remove curse {unknown}
Potions
 b - a potion of agility {unknown}
 e - a potion of curing {unknown}
Comestibles
 c - a ration


   Skills:
 - Level 1.5 Dodging
 - Level 3.0 Stealth
 + Level 2.0 Spellcasting
 + Level 1.1 Conjurations
 - Level 4.0 Poison Magic


You had 3 spell levels left.
You knew the following spells:

 Your Spells              Type           Power        Failure   Level  Hunger
a - Sting                 Conj/Pois      #...         8%          1    #......

Your spell library contained the following spells:

 Spells                   Type           Power        Failure   Level  Hunger
 Poisonous Vapours        Pois/Air       #.....       14%         2    ###....
 Mephitic Cloud           Conj/Pois/Air  #.......     32%         3    ###....
 Olgreb's Toxic Radiance  Pois           ##......     38%         4    #####..
 Venom Bolt               Conj/Pois      #.........   91%         5    ######.


Dungeon Overview and Level Annotations

Branches:
Dungeon (1/15)

Altars:


Innate Abilities, Weirdness & Mutations

You cannot wear boots.
Your serpentine skin is tough. (AC +0)
You have supernaturally acute eyesight. (SInv)
Armour fits poorly on your strangely shaped body.
Your system is resistant to poisons. (rPois)
You cover ground very slowly.
You have a slow metabolism.
You can spit poison.


Message History

Confirm with . or Enter, or press ? or * to list all spells.
Aiming: Sting (safe; 8% risk of failure)
Press: ? - help, Shift-Dir - straight line, f - hobgoblin
Aim: a hobgoblin, wielding a +0 club The sting hits the hobgoblin but does no damage.
The hobgoblin is poisoned.
Press: ? - help, Shift-Dir - straight line, f/p - hobgoblin
Aim: a hobgoblin, wielding a +0 club (poisoned)
The splash of poison hits the hobgoblin.
The hobgoblin looks even sicker.
You kill the hobgoblin!
You feel slightly more hungry.
You have got your breath back.
You start resting.
Magic restored.
Things that are here:
a +0 club; a hobgoblin corpse
f - a scroll labeled NYUSHE MASCHO The dart slug is too close now for your liking.
Are you sure you want to abandon this character and quit the game? (Confirm with "yes".)

###......w.
############.........
#............#.......
.........#####.......
.........## ####.##
..........##### ##.#
..............# #..#
..........###.###.#
.......#........@.#####
.......######.........#
........## #.........#
.........####.........#
.................)....#
......#...###.###.....#
##....##...##.. #.....#
....#.####.###+###....#
....#..#.'.....+ #....#


There were no monsters in sight!

Vanquished Creatures
  A hobgoblin (D:1)
  A rat (D:1)
2 creatures vanquished.

Notes
Turn   | Place    | Note
-------+----------+-------------------------------------------
     0 | D:1      | Meow the Naga Venom Mage began the quest for the Orb.
     0 | D:1      | Reached XP level 1. HP: 15/15 MP: 3/3
   110 | D:1      | Quit the game

Levels and vault maps discovered:
D:1:      shiori_arrival_maze, layout_rooms, serial_bayou, serial_bayou_ford_a,
          serial_bayou_pond_b, serial_bayou_shore_a, serial_bayou_pond_e,
          serial_bayou_pond_e

Action                   || total
-------------------------++-------
 Cast: Sting             ||     2
 Abil: Spit Poison       ||     3
